 Seeded DCSS version 0.29-a0-284-gf9362112df (webtiles) character file.

Game seed: 8811026019759023423 (custom seed)

396 bwicke the Schismatic (level 6, 0/50 HPs)
             Began as a Palentonga Abyssal Knight on Mar 30, 2022.
             Was an Elder of Lugonu.
             Slain by a gnoll
             ... wielding a +0 halberd
              (4 damage)
             ... on level 4 of the Dungeon.
             The game lasted 00:12:25 (4722 turns).

bwicke the Schismatic (Palentonga Abyssal Knight)   Turns: 4722, Time: 00:12:26

Health: 0/50       AC:  6    Str: 17 (18) XL:     6   Next: 52%
Magic:  0/11       EV:  9    Int:  8 (11) God:    Lugonu [****..]
Gold:   221        SH:  0    Dex:  7 (10) Spells: 5/5 levels left

rFire   . . .      SeeInvis +   s - +1 hand axe (elec)
rCold   . . .      Faith    .   (no shield)
rNeg    . . .      Spirit   +   b - +0 leather armour
rPois   .          Reflect  .   (no helmet)
rElec   .          Harm     .   (no cloak)
rCorr   .          Rampage  .   u - +1 Delatra's gloves {ID++}
Will    .....                   (no barding)
Stlth   +.........              g - amulet of guardian spirit
HPRegen 0.16/turn               (no ring)
MPRegen 0.12/turn               (no ring)

@: no status effects
A: large, rugged brown scales 3, see invisible, deformed body, roll 1, armoured
tail
a: Rolling Charge, Renounce Religion, Depart the Abyss, Bend Space, Banish,
Corrupt


You were on level 4 of the Dungeon.
You worshipped Lugonu.
Lugonu was greatly pleased with you.
You visited 1 branch of the dungeon, and saw 4 of its levels.
You visited the Abyss 1 time.

You collected 221 gold pieces.

Inventory:

Hand Weapons
 a - a +1 mace
 f - a +0 spear
 h - a +0 whip
 s - a +1 hand axe of electrocution (weapon)
 z - a +0 flail
 A - a +0 short sword of speed
Missiles
 i - 96 stones
 m - 6 poisoned darts
 t - 2 boomerangs
 y - 4 javelins
Armour
 b - a +0 leather armour (worn)
 u - the +1 Delatra's gloves (worn) {ID++}
   (You found it on level 3 of the Dungeon)

   It heals its wearer when they drink unknown potions.
   It restores its wearer's MP when they read unknown scrolls.
Magical Staves
 c - a staff of earth
 x - a staff of death
Jewellery
 g - an amulet of guardian spirit (around neck)
Wands
 E - a wand of iceblast (4)
Scrolls
 j - a scroll of fear
 o - a scroll of enchant armour
 p - a scroll of summoning
 q - a scroll of teleportation
 v - a scroll of torment
 w - a scroll of amnesia {unknown}
 D - a scroll of fog {unknown}
 H - a scroll of blinking {unknown}
Potions
 d - a potion of mutation {unknown}
 e - a potion of degeneration
 k - a potion of attraction {unknown}
 l - a potion of heal wounds
 n - a potion of berserk rage {unknown}
 r - a potion of brilliance {unknown}
 B - a potion of lignification {unknown}
 C - a potion of might {unknown}
 F - a potion of flight {unknown}


   Skills:
 - Level 3.0 Fighting
 - Level 3.6 Maces & Flails
 - Level 1.5 Armour
 - Level 0.7 Dodging
 + Level 6.8 Invocations


You had 5 spell levels left.
You didn't know any spells.
Your spell library was empty.

Dungeon Overview and Level Annotations

Branches:
Dungeon (4/15)
 Temple: D:4-7

Altars:
Trog

Shops:
D:3 (


Innate Abilities, Weirdness & Mutations

You are completely covered in rugged brown scales. (AC +3, +7% HP)
You have supernaturally acute eyesight. (SInv)
Armour fits poorly on your strangely shaped body.
You can roll at nearby foes to attack.
You have a long armoured tail.


Message History

The gnoll barely misses you.
You hit the gnoll.
The gnoll is severely wounded.
You barely miss the gnoll shaman. The gnoll hits you with a +0 halberd.
The gnoll shaman hits you with a +0 club!
You completely miss the gnoll.
The gnoll is severely wounded.
You closely miss the gnoll shaman. The gnoll hits you with a +0 halberd!
* * * LOW HITPOINT WARNING * * *
The gnoll shaman hits you but does no damage.
You hit the gnoll.
The gnoll is severely wounded.
You hit the gnoll shaman.
Lightning courses through the gnoll shaman!
The gnoll closely misses you.
The gnoll shaman hits you with a +0 club.
* * * LOW HITPOINT WARNING * * *
The gnoll hits you with a +0 halberd!
* * * LOW HITPOINT WARNING * * *
The gnoll shaman hits you with a +0 club.
* * * LOW HITPOINT WARNING * * *
Okay, then.
You feel much better. The gnoll hits you with a +0 halberd.
The gnoll shaman calls upon its god to heal the gnoll.
The gnoll is healed somewhat.
You hit the gnoll shaman.
The gnoll shaman is severely wounded.
You hit the gnoll but do no damage. The gnoll hits you with a +0 halberd.
The gnoll shaman prays to its god.
The gnoll shaman is healed somewhat.
Okay, then.
The gnoll shaman attacks as you move away!
The gnoll shaman hits you with a +0 club!
* * * LOW HITPOINT WARNING * * *
The gnoll hits you from afar with a +0 halberd.
* * * LOW HITPOINT WARNING * * *
You barely miss the gnoll shaman.
The gnoll shaman is heavily wounded.
The gnoll hits you from afar with a +0 halberd.
You die...

#.##.....#...
#.##.#####.## #.##.#
#... #.##.# #...
#.##.#####...
#.##.........
#.##.#####.##
############.#.....##.##
.......@..........)))...
########g#####.#<#.##.##
########g..###.#.#.##.##
.....................).)
.......###.###.#######..
....... #.# #.# #..
....... #.# #.# #..
....... #.# #.# ###
....... #.# #+#


You could see a gnoll shaman and a gnoll.

Vanquished Creatures
  2 scorpions (D:4)
  2 hounds
  An orc wizard (D:3)
  4 adders
  4 gnolls
  6 worms
  A dart slug (D:2)
  6 orcs
  6 endoplasms
  3 giant cockroaches
  7 goblins
  10 hobgoblins
  5 jackals (D:1)
  8 kobolds
  5 quokkas
  A ball python (D:2)
  2 bats (D:1)
  6 frilled lizards (D:1)
  6 rats
85 creatures vanquished.

Notes
Turn   | Place    | Note
-------+----------+-------------------------------------------
     0 | Abyss:1  | bwicke the Palentonga Abyssal Knight began the quest for
                  | the Orb.
     0 | Abyss:1  | Reached XP level 1. HP: 19/19 MP: 2/2
     9 | D:1      | Escaped the Abyss
    74 | D:1      | Found a faded altar of an unknown god.
   149 | D:1      | Reached XP level 2. HP: 9/25 MP: 3/3
   726 | D:1      | Reached XP level 3. HP: 21/31 MP: 4/4
   961 | D:1      | Reached *** piety under Lugonu
  1567 | D:2      | Reached skill level 3 in Invocations
  1600 | D:2      | Reached XP level 4. HP: 19/37 MP: 6/6
  2519 | D:3      | Reached skill level 4 in Invocations
  2525 | D:3      | Reached **** piety under Lugonu
  2790 | D:3      | Found the +1 Delatra's gloves {ID++}
  2865 | D:3      | Reached XP level 5. HP: 39/43 MP: 4/8
  3057 | D:3      | Found Asim's Weapon Emporium.
  3066 | D:3      | Reached skill level 5 in Invocations
  3835 | D:3      | Found a bloodstained altar of Trog.
  4058 | D:4      | Reached skill level 6 in Invocations
  4058 | D:4      | Reached XP level 6. HP: 36/50 MP: 6/10
  4089 | D:4      | HP: 2/50 [poisoned by a scorpion]
  4718 | D:4      | HP: 2/50 [gnoll/+0 halberd (6)]
  4722 | D:4      | Slain by a gnoll

Illustrated notes

Levels and vault maps discovered:
D:1:      scummos_arrival_hexagon, layout_loops_cross, basic_ecumenical_altar
D:2:      minmay_alternating_diamond, layout_loops_cross,
          hangedman_decor_growths, minmay_distorted
D:3:      layout_basic, lightli_temple_of_fire, serial_shops,
          nicolae_shop_bloodbath_and_beyond, pf_guarded_unrand_delatra
D:4:      layout_basic

Skill      XL: |  1  2  3  4  5 |
---------------+----------------+-----
Maces & Flails | 3 |  3.6
Invocations    | 3 4 6 |  6.8
Fighting       | |  3.0
Armour         | |  1.5
Dodging        | |  0.7

Action                   |  1- 3 |  4- 6 || total
-------------------------+-------+-------++-------
Melee: Mace              |   131 |    60 ||   191
       Tailslap          |    10 |    13 ||    23
       Hand axe          |       |    74 ||    74
       Punch             |       |     1 ||     1
Invok: Banish            |       |     1 ||     1
 Abil: Rolling Charge    |    27 |    23 ||    50
  Use: Scroll            |       |     5 ||     5
       Potion            |       |     5 ||     5
Armor: Leather armour    |    40 |    39 ||    79
Dodge: Dodged            |    68 |    75 ||   143

Table legend: (Time is in decaauts)
 A = Elapsed time spent in this place.
 B = Non-inter-level travel time spent in this place.
 C = Inter-level travel time spent in this place.
 D = Time resting spent in this place.
 E = Time spent auto-exploring this place.
 F = Levels seen in this place.
 G = Mean time per level.
                   A        B        C        D        E       F      G
               +--------+--------+--------+--------+--------+-----+--------+
         Total |   4779 |   4713 |     66 |    727 |   3161 |   5 |  955.8 |
       Dungeon |   4770 |   4704 |     66 |    727 |   3161 |   4 | 1192.5 |
         Abyss |      9 |      9 |      0 |      0 |      0 |   1 |    9.0 |
               +--------+--------+--------+--------+--------+-----+--------+

Top non-repeatable levels by time:
     D:3: 1582 daAuts
     D:2: 1284 daAuts
     D:1: 1219 daAuts
     D:4: 683 daAuts
 Abyss:1: 9 daAuts
